 Dungeon Crawl Stone Soup version 0.16.1-7-g2c6721e (webtiles) character file.

6399 roverover the Pandemonic (level 10, -2/80 HPs)
             Began as a Demonspawn Gladiator on Mar 29, 2015.
             Was a High Priest of Makhleb.
             Killed from afar by a molten gargoyle (30 damage)
             ... with a bolt of magma
             ... on level 10 of the Dungeon.
             The game lasted 00:39:12 (11056 turns).

roverover the Pandemonic (Demonspawn Gladiator)    Turns: 11056, Time: 00:39:13

Health: -2/80      AC:  9    Str: 22    XL:     10   Next: 66%
Magic:  24/24      EV: 16    Int:  9    God:    Makhleb [*****.]
Gold:   186        SH:  0    Dex: 16    Spells: 0 memorised, 9 levels left

rFire  . . .     SeeInvis .       - Unarmed
rCold  . . .     Clarity  .     I - +0 leather armour {rN+}
rNeg   + . .     SustAb   .     (no shield)
rPois  +         Gourm    +     (helmet restricted)
rElec  .         Spirit   .     Q - +2 cloak
rCorr  .         Warding  .     (no gloves)
rMut   .         Stasis   .     i - +2 pair of boots
MR     .....                    V - amulet of the gourmand
Stlth  +.........               y - +5 ring of strength
                                s - ring of poison resistance

@: not resistant to hostile enchantments, very unstealthy
A: claws 1, hooves 2, horns 1, foul stench 1, powered by death 2, screaming 1,
rot immunity
a: Minor Destruction, Lesser Servant of Makhleb, Major Destruction, Greater
Servant of Makhleb, Renounce Religion


You were on level 10 of the Dungeon.
You worshipped Makhleb.
Makhleb was extremely pleased with you.
You were very full.

You visited 2 branches of the dungeon, and saw 11 of its levels.
You also visited: Ossuary.

You collected 336 gold pieces.
You spent 150 gold pieces at shops.

Inventory:

Hand weapons
 b - the +3 great sword "Kluh" {slice, rPois rF- Str+3 SInv}
   (You found it on level 8 of the Dungeon)

   It inflicts extra damage upon your enemies.
   It affects your strength (+3).
   It makes you vulnerable to fire.
   It protects you from poison.
   It enhances your eyesight.
 m - a +1 blowgun
Missiles
 d - 3 throwing nets (quivered)
 j - 389 stones
 v - 32 poisoned needles
Armour
 i - a +2 pair of boots (worn)
 I - a +0 leather armour of positive energy (worn)
 Q - a +2 cloak (worn)
 S - a +2 shield
Jewellery
 c - an uncursed ring of flight
 e - an uncursed ring of sustain abilities
 s - a ring of poison resistance (left claw)
 y - a +5 ring of strength (right claw)
 O - an uncursed ring of positive energy
 V - an amulet of the gourmand (around neck)
Magical devices
 x - a wand of fire (13)
 A - a wand of slowing (14)
 M - a wand of lightning (4)
 N - a wand of cold (9)
 W - a wand of flame (38)
 Z - a wand of slowing (6)
Scrolls
 f - 5 scrolls of remove curse
 k - a scroll of immolation
 r - 5 scrolls of teleportation
 D - a scroll of torment
 F - a scroll of recharging
 G - 2 scrolls of fog
 P - a scroll of enchant weapon
 T - a scroll of blinking
Potions
 h - 3 potions of curing
 l - 4 potions of cancellation
 o - 3 potions of heal wounds
 p - 3 potions of brilliance
 t - 2 potions of flight {unknown}
 w - a potion of poison {unknown}
 B - 3 potions of mutation {unknown}
 E - a potion of invisibility {unknown}
 H - 2 potions of restore abilities {unknown}
 J - 2 potions of might {unknown}
 K - 2 potions of magic {unknown}
 L - 3 potions of haste
 U - 2 potions of beneficial mutation {unknown}
 Y - a potion of ambrosia {unknown}
Comestibles
 a - 9 bread rations
 n - 2 slices of pizza
 q - 4 beef jerkies
 z - 6 meat rations


   Skills:
 + Level 7.9 Fighting
 - Level 1.7 Throwing
 - Level 6.4 Dodging
 + Level 9.6 Unarmed Combat
 + Level 10.4 Invocations


You had 9 spell levels left.
You didn't know any spells.

Dungeon Overview and Level Annotations

Branches:
Dungeon (10/15)            Temple (1/1) D:4
   Lair: D:8-11         Orc: D:9-12

Altars:
Ashenzari
Cheibriados
Dithmenos
Elyvilon
Fedhas
Gozag
Kikubaaqudgha
Makhleb
Nemelex Xobeh
Okawaru
Qazlal
Ru
Sif Muna
Trog
Vehumet
Xom
Yredelemnul
Zin
The Shining One

Shops:
D:5 !   D:6 :   D:10 ?


Innate Abilities, Weirdness & Mutations

You have sharp fingernails.
You have hoof-like feet.
You have a pair of small horns on your head.
You emit a foul stench.
You can steal the life force of defeated enemies.
You are immune to rotting.
You occasionally shout uncontrollably at your foes.


Message History

The molten gargoyle hits you with a dire flail!!
You are engulfed in flames!
You emit a cloud of foul miasma!
Drink which item? (? for menu, Esc to quit)
You feel better.
Your orange demon stings the molten gargoyle but does no damage.
The molten gargoyle hits you with a dire flail.
You are engulfed in flames!
* * * LOW HITPOINT WARNING * * *
Drink which item? (? for menu, Esc to quit)
You feel better.
Your orange demon stings the molten gargoyle from afar.
The molten gargoyle blasts magma at you!
The bolt of magma hits you!
* * * LOW HITPOINT WARNING * * *
Drink which item? (? for menu, Esc to quit)
You feel much better.
Your orange demon stings the molten gargoyle but does no damage.
The molten gargoyle blasts magma at you!
The bolt of magma hits you!
You die...

.## . .# ..# ####.# ! $.#
###...# .≈. .##
#####...##.#.≈§ ##
#..##.### .S
##..##)####.#.9≈
#####.....)..9.# ≈≈8
#########.......9#####..#
≈ #.........###...@#
.#..§ ..######### ##.4##
.. .... ### #.=# .#. .#.
#### ..#. . ## ##


You could see a molten gargoyle and a friendly orange demon.

Vanquished Creatures
  2 molten gargoyles (D:10)
  A wraith (D:10)
  A hungry ghost (D:7)
  A hippogriff (D:10)
  2 phantoms
  4 ice beasts
  2 orc warriors (D:9)
  3 sky beasts
  3 black bears
  2 ogres
  2 centaurs
  A big kobold (D:9)
  2 gnoll sergeants
  A wyvern zombie (D:10)
  2 giant frogs (D:6)
  A wyvern skeleton (D:9)
  4 water moccasin zombies (Ossuary)
  2 scorpions
  21 killer bees
  11 wights
  A centaur zombie (D:5)
  2 goliath beetles
  3 crimson imps
  Crazy Yiuf (D:6)
  A giant frog zombie (D:10)
  8 orc priests
  A jelly (D:7)
  3 hounds
  2 centaur skeletons
  4 iguanas
  4 orc wizards
  9 worker ants
  A big kobold zombie (Ossuary)
  Ijyb (D:5)
  A hound zombie (D:5)
  A hound skeleton (D:9)
  3 mummies
  2 worker ant zombies
  13 gnolls
  9 adders
  A river rat (D:5)
  2 giant mites
  A shadow imp (D:5)
  8 worms
  2 adder zombies (Ossuary)
  43 orcs
  2 ball pythons
  2 bat skeletons
  2 bat zombies
  8 giant cockroaches
  9 goblins
  13 hobgoblins
  6 jackals
  13 kobolds
  An ooze (D:1)
  4 quokkas
  17 bats
  6 giant geckos
  A giant gecko skeleton (D:8)
  9 giant newts
  A giant spore (D:7)
  4 gnoll zombies (Ossuary)
  4 kobold zombies (Ossuary)
  4 orc zombies (Ossuary)
  A quokka zombie (D:5)
  20 rats
  7 ballistomycetes (D:7)
329 creatures vanquished.

Vanquished Creatures (others)
  A giant spore (D:7)
  A plant (D:10)
2 creatures vanquished.

Grand Total: 331 creatures vanquished

Notes
Turn   | Place    | Note
--------------------------------------------------------------
     0 | D:1      | roverover, the Demonspawn Gladiator, began the quest for the Orb.
     0 | D:1      | Reached XP level 1. HP: 16/16 MP: 1/1
    55 | D:1      | Reached skill level 3 in Unarmed Combat
   312 | D:1      | Gained mutation: You have large cloven feet. [demonic ancestry]
   312 | D:1      | Reached XP level 2. HP: 19/22 MP: 2/2
  1030 | D:2      | Reached XP level 3. HP: 17/27 MP: 3/3
  1308 | D:2      | Reached skill level 4 in Unarmed Combat
  1874 | D:2      | Found a white marble altar of Elyvilon.
  1935 | D:2      | Gained mutation: You can steal the life force of nearby defeated enemies. [demonic ancestry]
  1935 | D:2      | Reached XP level 4. HP: 29/33 MP: 4/4
  2977 | D:3      | Reached skill level 5 in Unarmed Combat
  3275 | D:3      | Gained mutation: You have a pair of small horns on your head. [demonic ancestry]
  3275 | D:3      | Reached XP level 5. HP: 12/38 MP: 5/5
  3549 | D:3      | Reached skill level 6 in Unarmed Combat
  3559 | D:3      | Gained mutation: You are immune to rotting. [demonic ancestry]
  3559 | D:3      | Reached XP level 6. HP: 30/44 MP: 6/6
  3696 | D:3      | Noticed a moth of wrath
  3699 | D:3      | Found a bloodstained altar of Trog.
  4248 | D:4      | Found a staircase to the Ecumenical Temple.
  4258 | Temple   | Entered the Ecumenical Temple
  4370 | Temple   | Became a worshipper of Makhleb the Destroyer
  4539 | D:4      | Reached skill level 7 in Unarmed Combat
  4751 | D:4      | Gained mutation: You have sharp fingernails. [demonic ancestry]
  4751 | D:4      | Reached XP level 7. HP: 28/50 MP: 7/7
  4981 | D:5      | Entered Level 5 of the Dungeon
  5027 | D:5      | Found a sparkling altar of Nemelex Xobeh.
  5189 | D:5      | Reached skill level 8 in Unarmed Combat
  5287 | D:5      | Noticed Ijyb
  5292 | D:5      | Killed Ijyb
  5298 | D:5      | Found a sand-covered staircase.
  5304 | Ossuary  | Entered an ossuary
  5328 | Ossuary  | Reached skill level 1 in Invocations
  5334 | Ossuary  | Acquired Makhleb's first power
  5471 | Ossuary  | Gained mutation: You emit a foul stench. [demonic ancestry]
  5471 | Ossuary  | Reached XP level 8. HP: 56/56 MP: 10/12
  6063 | D:5      | Found Maada's Distillery.
  6066 | D:5      | Bought a potion of haste for 150 gold pieces
  6301 | D:5      | Acquired Makhleb's second power
  6726 | D:6      | Found Lacreil's Book Shoppe.
  6742 | D:6      | Found an iron altar of Okawaru.
  6755 | D:6      | Reached skill level 5 in Invocations
  6875 | D:6      | Reached skill level 5 in Dodging
  7211 | D:6      | Found a basalt altar of Yredelemnul.
  7414 | D:6      | Gained mutation: You can steal the life force of defeated enemies. [demonic ancestry]
  7414 | D:6      | Reached XP level 9. HP: 57/66 MP: 18/18
  7463 | D:6      | Noticed Crazy Yiuf
  7470 | D:6      | Killed Crazy Yiuf
  7702 | D:7      | Acquired Makhleb's third power
  7709 | D:7      | Reached skill level 5 in Fighting
  8310 | D:7      | Found a shadowy altar of Dithmenos.
  8634 | D:8      | Found a glowing silver altar of Zin.
  9127 | D:8      | Acquired Makhleb's fourth power
  9455 | D:8      | Got an ancient great sword
  9456 | D:8      | Identified the +3 great sword "Kluh" {slice, rPois rF- Str+3 SInv} (You found it on level 8 of the Dungeon)
  9821 | D:9      | Acquired Makhleb's fifth power
 10000 | D:9      | Found a radiant altar of Vehumet.
 10136 | D:9      | Gained mutation: You have hoof-like feet. [demonic ancestry]
 10136 | D:9      | Reached XP level 10. HP: 77/77 MP: 22/22
 10292 | D:9      | Reached skill level 9 in Unarmed Combat
 10339 | D:10     | Entered Level 10 of the Dungeon
 10645 | D:10     | Gained mutation: You occasionally shout uncontrollably at your foes. [mutagenic meat]
 10718 | D:10     | Found Osaisan's Magic Scroll Emporium.
 10819 | D:10     | Reached skill level 10 in Invocations
 11056 | D:10     | Killed from afar by a molten gargoyle

Action                   |  1- 3 |  4- 6 |  7- 9 | 10-12 || total
-------------------------+-------+-------+-------+-------++-------
Melee: Unarmed           |   187 |   312 |   609 |   180 ||  1288
 Fire: Blowgun           |       |       |     6 |       ||     6
Throw: Stone             |     2 |     2 |       |       ||     4
       Throwing net      |       |     2 |     1 |       ||     3
Invok: Minor Destruction |       |       |    24 |     8 ||    32
       Lesser Servant of |       |       |       |     1 ||     1
Evoke: Wand              |       |       |     4 |       ||     4
  Use: Scroll            |     4 |     1 |    18 |       ||    23
       Potion            |       |     3 |       |     4 ||     7
  Eat: Chunk             |     3 |    10 |    30 |     5 ||    48
